 Dungeon Crawl Stone Soup version 0.14-a0-848-g57a047c (webtiles) character file.

1899 4tharraofdagon the Basher (level 9, -1/93 HPs)
             Began as an Ogre Berserker on Nov 14, 2013.
             Was a Priest of Trog.
             Killed from afar by a hill giant zombie (38 damage)
             ... with an exploding inner flame
             ... on Level 10 of the Dungeon.
             The game lasted 00:15:57 (2524 turns).

4tharraofdagon the Basher (Ogre Berserker)          Turns: 2524, Time: 00:15:57

HP  -1/93        AC  3     Str 27      XL: 9   Next: 14%
MP  13/13        EV 10     Int  6      God: Trog [***...]
Gold 13          SH  0     Dex  9      Spells:  0 memorised,  8 levels left

Res.Fire  : . . .   See Invis. : .   e - +0 giant club
Res.Cold  : . . .   Warding    : .   b - +0 animal skin
Life Prot.: . . .   Conserve   : .   (shield restricted)
Res.Poison: .       Res.Corr.  : .   (helmet restricted)
Res.Elec. : .       Clarity    : .   (no cloak)
Sust.Abil.: . .     Spirit.Shd : .   (gloves unavailable)
Res.Mut.  : .       Stasis     : .   (boots unavailable)
Res.Rott. : .       Flight     : .   (no amulet)
Saprovore : + . .                    (no ring)
                                     (no ring)

@: somewhat resistant to hostile enchantments, very unstealthy
A: unfitting armour, fast metabolism 1, saprovore 1, tough skin 1
a: Burn Spellbooks, Berserk, Trog's Hand, Renounce Religion


You were on level 10 of the Dungeon.
You worshipped Trog.
Trog was most pleased with you.
You were not hungry.

You visited 1 branch of the dungeon, and saw 10 of its levels.
You also visited: Sewer and Bailey.

You collected 13 gold pieces.

Inventory:

Hand weapons
 a - a +0,+0 mace
 e - a +0,+0 giant club (weapon)
 g - a +1,+1 whip of freezing
 h - a +0,+0 orcish mace
 s - a +1,+3 orcish mace
 t - a +0,+0 elven whip
 A - a +0,+4 dagger of chaos
 B - a +0,+0 dire flail
Missiles
 f - a throwing net (quivered)
 k - 16 poisoned needles
Armour
 b - a +0 animal skin (worn)
Magical devices
 r - a wand of lightning (1)
 y - a wand of polymorph (9)
 z - a wand of confusion (14)
Comestibles
 c - 2 meat rations
 m - a chunk of giant gecko flesh
 q - 2 bread rations
Scrolls
 i - a scroll of magic mapping
 u - 2 scrolls of teleportation
Jewellery
 l - a -2 ring of intelligence
Potions
 d - 3 potions of heal wounds
 n - a potion of degeneration
 o - 3 potions of curing
 p - 3 potions of might
 v - 3 potions of brilliance
 w - a potion of poison
Books
 j - a book of Burglary

   Spells                             Type                      Level
   Apportation                        Translocation                1
   Swiftness                          Charms/Air                   2
   Passwall                           Transmutation/Earth          3
   Passage of Golubria                Translocation                4
   Lee's Rapid Deconstruction         Earth                        5
   Darkness                           Hexes                        7
   Trog disapproves of the use of such an item.


   Skills:
 + Level 9.1 Fighting
 * Level 11.7 Maces & Flails
 - Level 2.9 Dodging
 + Level 3.9 Evocations


You had 8 spell levels left.
You didn't know any spells.

Dungeon Overview and Level Annotations

Branches:
Dungeon (10/16)            Temple (0/1) D:6
    Orc: D:6-11        Lair: D:8-13

Altars:
Cheibriados
the Shining One

Shops:
D:8 *

Annotations:
D:8 Maurice


Innate Abilities, Weirdness & Mutations

You are too large for most types of armour.
You have a fast metabolism.
You can tolerate rotten meat.
You have tough skin (AC +1).


Message History

Read which item? (? for menu, Esc to quit)
As you read the scroll labeled QOYL PISOROEGG, it crumbles to dust.
You assume a fearsome visage.
The jackal looks frightened!
The hill giant zombie is unaffected.
It was a scroll of fear.
The jackal turns to fight!
You bludgeon the jackal!!
The jackal explodes!
The fiery explosion engulfs you!
The fiery explosion engulfs the hill giant zombie.
Trog accepts your kill.
You are engulfed in roaring flames.
The hill giant zombie is engulfed in roaring flames.
The hill giant zombie is engulfed in roaring flames.
You sock the hill giant zombie!
The hill giant zombie is engulfed in roaring flames.
The hill giant zombie hits you.
You sock the hill giant zombie!
The hill giant zombie explodes!
The fiery explosion engulfs you!
You die...

# .....######
#.....@.# #######§#
#§#
####+##########§###
###.<...............#
..#.................#
..#.................#
..+.....G...........#
.##.................#


There were no monsters in sight!

Vanquished Creatures
  Pikel (D:5)
  Psyche (D:8)
  An ice beast (D:7)
  An ogre (D:4)
  A centaur (D:8)
  A giant frog (D:6)
  2 big kobolds (Sewer)
  A gnoll sergeant (D:7)
  A yak skeleton (D:6)
  2 crimson imps
  An orc wizard (D:4)
  A quasit (D:8)
  2 hounds (D:8)
  2 iguanas
  8 gnolls (D:7)
  6 adders
  A giant centipede (D:4)
  2 green rats (Sewer)
  A giant mite (D:3)
  A worm (D:7)
  An adder zombie (D:5)
  18 grey rats (Sewer)
  2 giant eyeballs
  4 giant geckos
  An ooze (D:4)
  7 orcs
  8 bats
  7 giant cockroaches
  9 goblins
  6 hobgoblins
  3 jackals
  19 kobolds
  3 quokkas
  6 ball pythons
  A giant cockroach zombie (D:5)
  4 giant newts
  An orc skeleton (D:5)
  13 rats
150 creatures vanquished.

Vanquished Creatures (collateral kills)
  A killer bee zombie (D:8)
1 creature vanquished.

Vanquished Creatures (others)
  A crimson imp (D:5)
1 creature vanquished.

Grand Total: 152 creatures vanquished

Notes
Turn   | Place    | Note
--------------------------------------------------------------
     0 | D:1      | 4tharraofdagon, the Ogre Berserker, began the quest for the Orb.
     0 | D:1      | Reached XP level 1. HP: 23/23 MP: 0/0
    74 | D:1      | timbw: never seen this start before
    84 | D:1      | timbw: rare or new
   117 | D:1      | Reached XP level 2. HP: 9/32 MP: 1/1
   418 | D:3      | Reached skill level 5 in Maces & Flails
   418 | D:3      | Reached XP level 3. HP: 30/39 MP: 2/2
   421 | D:3      | Acquired Trog's second power
   561 | D:4      | Noticed an ogre
   573 | D:4      | Killed an ogre
   573 | D:4      | Reached skill level 5 in Fighting
   573 | D:4      | Reached skill level 6 in Maces & Flails
   573 | D:4      | Reached XP level 4. HP: 48/48 MP: 3/3
   573 | D:4      | Reached XP level 5. HP: 55/55 MP: 4/4
   797 | D:4      | Found a glowing drain.
   843 | D:4      | Reached skill level 7 in Maces & Flails
   887 | Sewer    | Entered a sewer
   924 | Sewer    | Reached XP level 6. HP: 22/65 MP: 5/5
  1064 | Sewer    | Reached skill level 1 in Evocations
  1221 | Sewer    | Reached skill level 8 in Maces & Flails
  1282 | Sewer    | Reached XP level 7. HP: 55/72 MP: 8/8
  1486 | D:5      | Entered Level 5 of the Dungeon
  1561 | D:5      | Noticed Pikel
  1594 | D:5      | Killed Pikel
  1594 | D:5      | Reached skill level 9 in Maces & Flails
  1594 | D:5      | Reached XP level 8. HP: 13/83 MP: 9/11
  1792 | D:6      | Acquired Trog's third power
  1819 | D:6      | Found a staircase to the Ecumenical Temple.
  1831 | D:6      | Paralysed by a giant eyeball for 4 turns
  1850 | D:6      | Reached skill level 10 in Maces & Flails
  2019 | D:7      | HP: 2/84 [gnoll/flail (11)]
  2110 | D:7      | Found a flagged portal.
  2146 | Bailey   | Entered a bailey
  2148 | Bailey   | :(
  2148 | Bailey   | timbw: impossible
  2157 | D:7      | Paralysed by a giant eyeball for 3 turns
  2161 | D:7      | Paralysed by a giant eyeball for 2 turns
  2240 | D:8      | Reached skill level 11 in Maces & Flails
  2265 | D:8      | Found a glowing golden altar of the Shining One.
  2265 | D:8      | Found a snail-covered altar of Cheibriados.
  2267 | D:8      | timbw: are you going
  2281 | D:8      | timbw: to poly snails
  2287 | D:8      | timbw: for gda
  2288 | D:8      | timbw: ?
  2312 | D:8      | Noticed Psyche
  2323 | D:8      | Killed Psyche
  2323 | D:8      | Reached XP level 9. HP: 93/93 MP: 11/13
  2338 | D:8      | 4tharraofdagon: yea
  2342 | D:8      | timbw: try to remember not beating them to death :D
  2348 | D:8      | timbw: its hard
  2380 | D:8      | Found Turhuu's Elemental Accessories.
  2400 | D:8      | Noticed Maurice
  2413 | D:8      | FUCKER
  2424 | D:8      | Paralysed by Maurice for 5 turns
  2433 | D:8      | Paralysed by it for 2 turns
  2462 | D:10     | Entered Level 10 of the Dungeon
  2524 | D:10     | Killed from afar by a hill giant zombie

Action                   |  1- 3 |  4- 6 |  7- 9 || total
-------------------------+-------+-------+-------++-------
Melee: Mace              |    80 |       |       ||    80
       Giant club        |       |   163 |   182 ||   345
Invok: Berserk           |     4 |     4 |     8 ||    16
       Trog's Hand       |       |    10 |    10 ||    20
       Brothers in Arms  |       |       |     1 ||     1
Evoke: Wand              |       |       |     3 ||     3
  Use: Scroll            |     5 |     2 |     9 ||    16
       Potion            |       |     1 |     5 ||     6
